 Dungeon Crawl Stone Soup version 0.21-a0-135-g8dc100c (webtiles) character file.

809 Ordine the Magician (level 7, -5/36 HPs)
             Began as a Deep Elf Wizard on July 17, 2017.
             Was a Follower of Sif Muna.
             Slain by an orc
             ... wielding a +0 war axe
              (13 damage)
             ... on level 4 of the Dungeon.
             The game lasted 00:16:27 (6212 turns).

Ordine the Magician (Deep Elf Wizard)               Turns: 6212, Time: 00:16:28

Health: -5/36      AC:  7    Str:  4    XL:     7   Next: 61%
Magic:  7/16       EV: 14    Int: 25    God:    Sif Muna [*.....]
Gold:   196        SH:  0    Dex: 13    Spells: 5/16 levels left

rFire    . . .     SeeInvis .   r - +1 dagger (venom)
rCold    . . .     Gourm    .   (no shield)
rNeg     . . .     Faith    .   a - +0 robe
rPois    .         Spirit   .   o - +1 helmet
rElec    .         Reflect  .   (no cloak)
rCorr    .         Harm     .   i - +2 pair of gloves
MR       .....                  (no boots)
Stlth    +++.......             (no amulet)
HPRegen  0.12/turn              (no ring)
MPRegen  0.15/turn              (no ring)

@: about to teleport
A: no striking features
a: Divine Energy, Renounce Religion


You were on level 4 of the Dungeon.
You worshipped Sif Muna.
Sif Muna was aware of your devotion.
You were not hungry.

You visited 1 branch of the dungeon, and saw 4 of its levels.
You also visited: Sewer.

You collected 196 gold pieces.

Inventory:

Hand Weapons
 g - a +1 dagger of protection
 r - a +1 dagger of venom (weapon)
Armour
 a - a +0 robe (worn)
 i - a +2 pair of gloves (worn)
 o - a +1 helmet (worn)
Scrolls
 b - 2 scrolls of remove curse
 h - 2 scrolls of magic mapping
 m - 2 scrolls of teleportation
 p - 3 scrolls of amnesia
 q - a scroll of immolation
Potions
 e - 2 potions of lignification
 l - 3 potions of flight
 n - 4 potions of mutation
Books
 c - a book of Minor Magic

   Spells                             Type                      Level
   a - Magic Dart                     Conjuration                  1
   b - Blink                          Translocation                2
   c - Call Imp                       Summoning                    2
   d - Slow                           Hexes                        2
   e - Conjure Flame                  Conjuration/Fire             3
   f - Mephitic Cloud                 Conjuration/Poison/Air       3
Comestibles
 d - 3 bread rations
 f - 2 meat rations
 j - 2 royal jellies
 k - 2 chunks of flesh


   Skills:
 * Level 1.5 Short Blades
 + Level 4.2 Dodging
 - Level 5.0 Stealth
 - Level 5.0 Spellcasting
 + Level 3.4 Conjurations
 + Level 2.9 Summonings
 + Level 3.1 Translocations
 + Level 2.1 Fire Magic
 + Level 2.3 Air Magic
 + Level 2.5 Poison Magic
 + Level 1.2 Invocations


You had 5 spell levels left.
You knew the following spells:

 Your Spells              Type           Power        Failure   Level  Hunger
a - Magic Dart            Conj           ###.         1%          1    None
b - Blink                 Tloc           N/A          3%          2    None
c - Call Imp              Summ           ###.....     3%          2    None
d - Conjure Flame         Conj/Fire      ###.....     8%          3    ##.....
e - Mephitic Cloud        Conj/Pois/Air  ###.....     8%          3    ##.....


Dungeon Overview and Level Annotations

Branches:
Dungeon (4/15)
 Temple: D:4-7

Altars:
Fedhas
Kikubaaqudgha
Makhleb
Sif Muna
Vehumet
The Shining One


Message History

The orc hits the centaur skeleton.
The centaur skeleton barely misses you.
The orc hits the orc but does no damage.
The centaur skeleton hits you.
The ogre is engulfed in noxious fumes.
The ogre appears confused.
The centaur skeleton hits you. The centaur skeleton hits you.
The centaur skeleton misses you. The orc hits you but does no damage.
The centaur skeleton misses you.
The centaur skeleton hits you but does no damage.
The orc closely misses you. The centaur skeleton hits you.
The orc hits you with a war axe!
* * * LOW HITPOINT WARNING * * *
You feel yourself speed up. The centaur skeleton hits you.
* * * LOW HITPOINT WARNING * * *
As you read the scroll of teleportation, it crumbles to dust.
You feel strangely unstable.
The centaur skeleton hits you but does no damage.
The orc hits you with a war axe!
You die...

...........## ##..............
.....)......####.............##
.....O.......##..............#.
..............#..............#.
..........o..............#####.
......................######...
....................### ##....
.....#......oZ...### #....≈
....########@..## ##...≈≈ ..
###....# #...≈≈. #.....## ##
#...≈≈. ###....# #.# #...≈≈.
#......# ..# ##...≈≈ #....###
..###....≈ #...## ...##....
##...# #...##... ........
#...## ##...####.


You could see 2 orcs and a centaur skeleton.

Vanquished Creatures
  A scorpion (D:4)
  2 hounds (D:4)
  An orc priest (D:4)
  4 orc wizards (D:4)
  A merfolk avatar (Sewer)
  3 worker ants
  11 adders
  5 gnolls
  2 river rats (Sewer)
  6 worms
  An adder skeleton (D:4)
  3 leopard geckos
  4 orcs (D:4)
  2 ball pythons (Sewer)
  6 bats
  5 giant cockroaches
  6 goblins
  5 hobgoblins
  5 jackals
  9 frilled lizards
  4 kobolds
  27 rats
113 creatures vanquished.

Vanquished Creatures (collateral kills)
  An ogre (D:4)
  The ghost of afd the Magician, an amateur OpWz (D:4)
  An orc priest (D:4)
  A hound (D:4)
  A worker ant (D:4)
  A merfolk siren (Sewer)
  2 orcs (D:4)
  A frilled lizard (Sewer)
  3 rats (Sewer)
12 creatures vanquished.

Vanquished Creatures (others)
  2 adders (D:2)
2 creatures vanquished.

Grand Total: 127 creatures vanquished

Notes
Turn   | Place    | Note
-------+----------+-------------------------------------------
     0 | D:1      | Ordine the Deep Elf Wizard began the quest for the Orb.
     0 | D:1      | Reached XP level 1. HP: 10/10 MP: 7/7
   177 | D:1      | Reached XP level 2. HP: 15/15 MP: 3/9
   394 | D:1      | Learned a level 2 spell: Blink
   397 | D:1      | Learned a level 2 spell: Call Imp
   692 | D:1      | Reached XP level 3. HP: 19/19 MP: 3/10
   796 | D:1      | Learned a level 3 spell: Conjure Flame
  1398 | D:2      | Found a radiant altar of Vehumet.
  1513 | D:2      | Found a blossoming altar of Fedhas.
  2240 | D:3      | Reached XP level 4. HP: 24/24 MP: 6/12
  2256 | D:3      | Learned a level 3 spell: Mephitic Cloud
  2257 | D:3      | Found an ancient bone altar of Kikubaaqudgha.
  2683 | D:3      | Found a burning altar of Makhleb.
  2852 | D:4      | Noticed an ogre
  2852 | D:4      | Noticed an ogre
  2908 | D:4      | Reached XP level 5. HP: 28/28 MP: 7/14
  3002 | D:4      | Reached skill level 1 in Air Magic
  3002 | D:4      | Reached skill level 1 in Poison Magic
  3015 | D:4      | Found a glowing drain.
  3075 | Sewer    | Entered a sewer
  3705 | Sewer    | Reached XP level 6. HP: 32/32 MP: 2/15
  3865 | Sewer    | Reached skill level 5 in Spellcasting
  4310 | D:4      | Found a deep blue altar of Sif Muna.
  4318 | D:4      | Became a worshipper of Sif Muna the Loreminder
  5056 | D:4      | Reached skill level 5 in Stealth
  5056 | D:4      | Reached skill level 1 in Fire Magic
  5282 | D:4      | Reached XP level 7. HP: 36/36 MP: 6/16
  5511 | D:4      | Noticed afd's ghost (amateur OpWz)
  5555 | D:4      | Killed afd's ghost
  5555 | D:4      | Reached skill level 1 in Short Blades
  5555 | D:4      | Reached skill level 1 in Invocations
  6163 | D:4      | Found a glowing golden altar of the Shining One.
  6200 | D:4      | Reached * piety under Sif Muna
  6212 | D:4      | Slain by an orc

Vault maps used:
D:1:      matt_arrival_grand_opening
D:2:      fiery_altar_vehumet, nicolae_overflow_hidden_temple, first_bread
D:3:      old_standard_altar, lemuel_crystal_altar
D:4:      tgw_sif, nicolae_tso_carved_into_rock, gup_sewer_entry_glass,
          minivault_25
Sewer:    sewer_sea

Skill      XL: |  1  2  3  4  5  6  7 |
---------------+----------------------+-----
Dodging        | 3 4 |  4.2
Stealth        | 3 4 5 |  5.0
Conjurations   | 2 3 |  3.4
Air Magic      | 1 2 |  2.3
Poison Magic   | 1 2 |  2.5
Translocations | 2 3 |  3.1
Spellcasting   | 5 |  5.0
Summonings     | 2 |  2.9
Fire Magic     | 1 2 |  2.1
Short Blades   | 1 |  1.5
Invocations    | 1 |  1.2

Action                   |  1- 3 |  4- 6 |  7- 9 || total
-------------------------+-------+-------+-------++-------
Melee: Dagger            |     5 |    11 |    27 ||    43
 Cast: Magic Dart        |   126 |   197 |    68 ||   391
       Call Imp          |       |    12 |     5 ||    17
       Blink             |       |     2 |       ||     2
       Mephitic Cloud    |       |       |     4 ||     4
       Conjure Flame     |       |       |     1 ||     1
  Use: Scroll            |     4 |     8 |     1 ||    13
       Potion            |       |     4 |     1 ||     5
 Stab: Distracted        |       |     1 |       ||     1
       Invisible         |       |       |     1 ||     1
  Eat: Chunk             |     2 |    11 |     3 ||    16
Armor: Robe              |     3 |    34 |    18 ||    55
Dodge: Dodged            |     9 |    65 |    54 ||   128
